 Dungeon Sprint DCSS version 0.19.1 (webtiles) character file.

303 ImaNewbie the Impaler (level 6, -1/48 HPs)
             Began as a Merfolk Berserker on Dec 13, 2016.
             Was a Believer of Trog.
             Slain by a polar bear (3 damage)
             ... in the Dungeon (Sprint II: "The Violet Keep of Menkaure").
             The game lasted 00:01:42 (518 turns).

ImaNewbie the Impaler (Merfolk Berserker)            Turns: 518, Time: 00:01:42

Health: -1/48      AC:  2    Str: 19    XL:     6   Next: 38%
Magic:  6/6        EV: 13    Int:  7    God:    Trog [**....]
Gold:   243        SH:  0    Dex: 13    Spells: 0 memorised, 5 levels left

rFire  . . .     SeeInvis .     a - +0 spear
rCold  . . .     Gourm    .     b - +0 animal skin
rNeg   . . .     Faith    .     (no shield)
rPois  .         Spirit   .     (no helmet)
rElec  .         Reflect  .     (no cloak)
rCorr  .         Harm     .     (no gloves)
MR     .....     NoTele   +     (no boots)
Stlth  +.........               (no amulet)
                                (no ring)
                                (no ring)

@: exhausted, slowed, very slow
A: change form in water, swift swim, stealthy swim
a: Berserk, Trog's Hand, Burn Spellbooks, Renounce Religion


You were in the Dungeon.
You worshipped Trog.
Trog was pleased with you.
You were hungry.

You visited 1 branch You collected 243 gold pieces.

Inventory:

Hand Weapons
 a - a +0 spear (weapon)
Armour
 b - a +0 animal skin (worn)
Scrolls
 i - a scroll of blinking
Potions
 d - a potion of haste
 e - a potion of berserk rage
 f - a potion of curing
 g - 2 potions of magic
 h - a potion of heal wounds
Comestibles
 c - a bread ration


   Skills:
 - Level 3.8 Fighting
 + Level 16.8 Polearms
 - Level 2.0 Armour
 - Level 3.6 Dodging


You had 5 spell levels left.
You didn't know any spells.

Dungeon Overview and Level Annotations

Branches:
Dungeon (1/1)

Altars:
Cheibriados
Dithmenos
Elyvilon
Fedhas
Gozag
Hepliaklqana
Kikubaaqudgha
Makhleb
Nemelex Xobeh
Okawaru
Qazlal
Ru
Sif Muna
Trog
Uskayaw
Vehumet
Xom
Yredelemnul
Zin
The Shining One
Beogh
Jiyva
Lugonu


Message History

You feel stronger.
Unknown command.
There is an open door here.
You feel a strong urge to attack something.
Found 24 gold pieces.
Found a roughly hewn altar of Beogh.
You slam the door shut with a bang!
You are no longer berserk.
You are exhausted.
You feel yourself slow down.
You start resting.
A yaktaur is nearby!
A yaktaur is nearby!
A yaktaur opens the door.
The polar bear bites you!
* * * LOW HITPOINT WARNING * * *
The polar bear barely misses you. The polar bear claws you.
* * * LOW HITPOINT WARNING * * *
The polar bear misses you. The polar bear closely misses you.
The polar bear claws you.
You die...

#§§.§...≈#h########
#≈≈§§≈≈≈§.h#@.._._._#
#≈≈≈≈≈≈§§§≈#.._._._.#
#≈≈≈≈§≈§§≈≈§#._._._._#
≈≈≈≈≈≈≈§§§§≈#_._._._.#
++#≈≈§≈≈≈≈≈≈#._._._..#
##≈≈§###§≈#_._._...#
#§§#._._....
#≈§#.._.....


You could see 2 polar bears, a yaktaur and a hornet.

Vanquished Creatures
  A polar bear (D)
  Menkaure (D)
  3 worms (D)
5 creatures vanquished.

Vanquished Creatures (others)
  A crocodile (D)
1 creature vanquished.

Grand Total: 6 creatures vanquished

Notes
Turn   | Place    | Note
-------+----------+-------------------------------------------
     0 | D        | ImaNewbie the Merfolk Berserker began the quest for the Orb.
     0 | D        | Reached XP level 1. HP: 18/18 MP: 1/1
    24 | D        | Reached skill level 5 in Polearms
    24 | D        | Reached XP level 2. HP: 4/25 MP: 2/2
    30 | D        | Killed a crocodile
   261 | D        | Noticed a lava snake
   262 | D        | Noticed Menkaure
   272 | D        | Reached ** piety under Trog
   277 | D        | Killed Menkaure
   277 | D        | Reached skill level 12 in Polearms
   277 | D        | Reached XP level 3. HP: 14/30 MP: 3/3
   277 | D        | Reached XP level 4. HP: 17/37 MP: 4/4
   277 | D        | Reached XP level 5. HP: 19/42 MP: 5/5
   482 | D        | Found a shimmering altar of Xom.
   483 | D        | Found a basalt altar of Yredelemnul.
   483 | D        | Found a sacrificial altar of Ru.
   484 | D        | Found a glowing silver altar of Zin.
   484 | D        | Found a deep blue altar of Sif Muna.
   484 | D        | Found a stormy altar of Qazlal.
   484 | D        | Found a viscous altar of Jiyva.
   485 | D        | Found a glowing golden altar of the Shining One.
   485 | D        | Found a bloodstained altar of Trog.
   485 | D        | Found an ancient bone altar of Kikubaaqudgha.
   486 | D        | Found a hide-covered altar of Uskayaw.
   486 | D        | Found a corrupted altar of Lugonu.
   486 | D        | Found a shadowy altar of Dithmenos.
   487 | D        | Found a radiant altar of Vehumet.
   487 | D        | Found a burning altar of Makhleb.
   487 | D        | Found a white marble altar of Elyvilon.
   488 | D        | Found a sparkling altar of Nemelex Xobeh.
   488 | D        | Found a blossoming altar of Fedhas.
   489 | D        | Found an iron altar of Okawaru.
   489 | D        | Found an opulent altar of Gozag.
   489 | D        | Noticed a polar bear
   490 | D        | Noticed a yaktaur
   490 | D        | Noticed a hornet
   494 | D        | Found a hazy altar of Hepliaklqana.
   494 | D        | Found a snail-covered altar of Cheibriados.
   495 | D        | Noticed a polar bear
   498 | D        | Noticed a polar bear
   509 | D        | Killed a polar bear
   509 | D        | Reached skill level 16 in Polearms
   509 | D        | Reached XP level 6. HP: 20/48 MP: 6/6
   511 | D        | Found a roughly hewn altar of Beogh.
   518 | D        | HP: 2/48 [polar bear (3)]
   518 | D        | Slain by a polar bear

Skill      XL: |  1  2  3  4  5 |
---------------+----------------+-----
Dodging        | 3 |  3.6
Polearms       | 5 12 16 | 16.8
Armour         | 2 |  2.0
Fighting       | |  3.8

Action                   |  1- 3 |  4- 6 || total
-------------------------+-------+-------++-------
Melee: Spear             |    34 |    13 ||    47
       Tailslap          |       |     6 ||     6
Invok: Berserk           |     1 |     1 ||     2
Armor: Animal skin       |       |     3 ||     3
Dodge: Dodged            |     7 |    11 ||    18
